 Dungeon Crawl Stone Soup version 0.28.0-43-g3370ac3207 (webtiles) character file.

Game seed: 176587952777244336

413 diecastcamel the Poker (level 6, 0/48 HPs)
             Began as a Merfolk Gladiator on Mar 1, 2022.
             Slain by a black bear (11 damage)
             ... on level 4 of the Dungeon.
             The game lasted 00:26:43 (4481 turns).

diecastcamel the Poker (Merfolk Gladiator)          Turns: 4481, Time: 00:26:43

Health: 0/48       AC:  8    Str: 16    XL:     6   Next: 90%
Magic:  6/6        EV: 11    Int:  8    God:
Gold:   131        SH:  0    Dex: 15    Spells: 5/5 levels left

rFire   . . .      SeeInvis .   a - +0 trident
rCold   . . .      Faith    .   (no shield)
rNeg    . . .      Spirit   .   q - +0 scale mail
rPois   .          Reflect  .   c - +0 helmet
rElec   .          Harm     .   (no cloak)
rCorr   .          Rampage  .   (no gloves)
Will    .....                   n - +0 pair of boots
Stlth   ..........              (no amulet)
HPRegen 0.16/turn               (no ring)
MPRegen 0.10/turn               (no ring)

@: no status effects
A: (nimble swimmer 2), mertail
a: no special abilities


You were on level 4 of the Dungeon.
You visited 1 branch of the dungeon, and saw 5 of its levels.

You collected 131 gold pieces.

Inventory:

Hand Weapons
 a - a +0 trident (weapon)
Missiles
 b - 164 stones
 e - 7 poisoned darts (quivered)
Armour
 c - a +0 helmet (worn)
 n - a +0 pair of boots (worn)
 q - a +0 scale mail (worn)
Wands
 h - a wand of charming (3)
Scrolls
 d - a scroll of blinking
 f - 2 scrolls of teleportation
 i - a scroll of fear
Potions
 g - a potion of haste {unknown}
 m - a potion of lignification {unknown}
 p - a potion of cancellation {unknown}


   Skills:
 + Level 4.0 Fighting
 + Level 6.8 Polearms
 + Level 2.9 Throwing
 + Level 2.0 Armour
 + Level 5.6 Dodging


You had 5 spell levels left.
You didn't know any spells.
Your spell library contained the following spells:

 Spells                   Type           Power      Damage    Failure   Level
 Slow                     Hex            0%         N/A       85%         1
 Confusing Touch          Hex            0%         N/A       99%         3
 Ozocubu's Armour         Ice            0%         N/A       99%         3
 Vampiric Draining        Necr           0%         2d6       99%         3
 Ozocubu's Refrigeration  Ice            0%         4d5       100%        7


Dungeon Overview and Level Annotations

Branches:
Dungeon (5/15)
 Temple: D:4-7

Altars:
Ashenzari
Ru
Zin

Shops:
D:1 !


Innate Abilities, Weirdness & Mutations

((You are very nimble when in or above water. (Stealth+, EV+, Speed+++)))
Your lower body shifts to a powerful aquatic tail in water.


Message History

The black bear claws you but does no damage.
You barely miss the black bear.
The black bear is moderately wounded.
The black bear misses you. x2
The black bear claws you but does no damage.
You hit the black bear but do no damage.
The black bear is moderately wounded.
The black bear bites you. The black bear closely misses you.
The black bear claws you but does no damage.
You puncture the black bear!
The black bear is heavily wounded.
The black bear bites you. The black bear completely misses you.
The black bear claws you but does no damage.
You hit the black bear.
The black bear is severely wounded.
The black bear bites you but does no damage.
The black bear claws you but does no damage. x2
You hit the black bear.
The black bear is severely wounded.
The black bear goes berserk!
You hit the black bear.
The black bear is almost dead.
The black bear bites you. The black bear barely misses you. x2
You barely miss the black bear.
The black bear is almost dead.
The black bear closely misses you. x2; The black bear claws you.
You barely miss the black bear.
The black bear is almost dead.
The black bear bites you.
The black bear claws you but does no damage. x2
The black bear bites you.
The black bear claws you but does no damage.
The black bear closely misses you.
You hit the black bear.
The black bear is almost dead.
The black bear bites you. The black bear closely misses you.
The black bear claws you.
* * * LOW HITPOINT WARNING * * *
The black bear bites you!
You die...

.........###......######.....#
................#######......#
................# #.........#
..........####.#####.#.#.....#
.........## #.........#.....#
.......#.#####....######.....#
..######..#....#.## #######
...######.)...##.## ..(
..>)).....##.###@.## ....
.#.######.##.# ##h.# .....
.#... .....# ##h#......
.##.....#.#### #........ .#
....##.# ##....... .# .......#
....... ## ........ .......
....#### ##..... .....


You could see a black bear (berserk) and a hound.

Vanquished Creatures
  A sky beast (D:4)
  An ogre (D:4)
  A scorpion (D:4)
  A hound (D:3)
  An orc wizard (D:4)
  2 adders
  A white imp (D:3)
  An adder skeleton (D:4)
  2 worms
  A dart slug (D:1)
  8 orcs
  3 bats
  3 endoplasms
  15 giant cockroaches
  6 goblins
  5 hobgoblins
  4 jackals (D:2)
  8 kobolds
  5 quokkas
  3 ball pythons
  2 frilled lizards
  4 rats
78 creatures vanquished.

Notes
Turn   | Place    | Note
-------+----------+-------------------------------------------
     0 | D:1      | diecastcamel the Merfolk Gladiator began the quest for the
                  | Orb.
     0 | D:1      | Reached XP level 1. HP: 16/16 MP: 1/1
   364 | D:1      | Reached XP level 2. HP: 23/23 MP: 2/2
   439 | D:1      | Found Huebirex's Distillery.
   737 | D:1      | Reached skill level 5 in Polearms
  1071 | D:2      | Reached XP level 3. HP: 28/28 MP: 3/3
  1077 | D:2      | Found a faded altar of an unknown god.
  1460 | D:2      | Reached XP level 4. HP: 31/34 MP: 4/4
  1557 | D:2      | Reached skill level 1 in Armour
  2075 | D:3      | Reached skill level 6 in Polearms
  2576 | D:3      | Reached XP level 5. HP: 38/41 MP: 5/5
  2836 | D:3      | Found a sacrificial altar of Ru.
  3018 | D:3      | Found a glowing silver altar of Zin.
  3107 | D:3      | You fall into a shaft and drop 2 floors!
  3107 | D:5      | Entered Level 5 of the Dungeon
  3107 | D:5      | Noticed an ogre
  3117 | D:5      | Noticed a yak
  3118 | D:5      | Noticed a yak
  3118 | D:5      | Noticed a yak
  3139 | D:4      | Reached skill level 5 in Dodging
  3832 | D:4      | Noticed a sky beast
  3899 | D:4      | Killed a sky beast
  3900 | D:4      | Reached XP level 6. HP: 30/48 MP: 6/6
  4028 | D:4      | Found a broken altar of Ashenzari.
  4462 | D:4      | Noticed a black bear
  4481 | D:4      | Slain by a black bear

Illustrated notes

Levels and vault maps discovered:
D:1:      lightli_arrival_maybe_door_vault, layout_rooms, serial_shops,
          nicolae_shop_hallway_stairs
D:2:      minmay_roachtagon, layout_basic, ebering_ecumenical_altar_rust,
          kennysheep_boxes
D:3:      layout_basic, old_standard_altar, zin_scriptorium,
          chequers_serial_rivers_small_3, amcnicky_mini_corridor_feature,
          moated_statue, mrwooster_statue_mirror, supply_closet_lemuel
D:4:      layout_rooms, mainiacjoe_overflow_brackets, minmay_crossroads
D:5:      layout_loops_cross, mainiacjoe_overflow_catch_the_wave,
          ebering_ghost_sewer_f, eino_tiny_chamber, uniq_pikel

Skill      XL: |  1  2  3  4  5  6 |
---------------+-------------------+-----
Polearms       | 5 6 |  6.8
Armour         | 1 2 |  2.0
Fighting       | 3 4 |  4.0
Dodging        | 5 |  5.6
Throwing       | |  2.9

Action                   |  1- 3 |  4- 6 || total
-------------------------+-------+-------++-------
Melee: Trident           |   119 |   213 ||   332
       Punch             |     1 |     1 ||     2
       Tailslap          |       |     2 ||     2
Throw: Throwing net      |     2 |     1 ||     3
       Stone             |     3 |    37 ||    40
       Dart              |       |    12 ||    12
  Use: Scroll            |     1 |     7 ||     8
       Potion            |       |     5 ||     5
 Stab: Held in net/web   |     1 |       ||     1
Armor: Leather armour    |    11 |       ||    11
       Ring mail         |    11 |    24 ||    35
       Scale mail        |       |    48 ||    48
Dodge: Dodged            |    43 |    97 ||   140
